 Dungeon Crawl Stone Soup version 0.29.0-4-gdea44cf6ec (webtiles) character file.

Game seed: 8031016083499450418

30 Matador8 the Distorting Demonspawn (level 3, 0/43 HPs)
             Began as a Demonspawn Abyssal Knight on Aug 27, 2022.
             Was a Believer of Lugonu.
             Slain by a ball python (1 damage)
             ... on level 1 of the Dungeon.
             The game lasted 00:05:48 (1025 turns).

Matador8 the Distorting Demonspawn (DsAK)           Turns: 1025, Time: 00:05:48

Health: 0/43       AC: 21    Str: 15    XL:     3   Next: 5%
Magic:  5/5        EV: -1    Int: 11    God:    Lugonu [**....]
Gold:   61         SH:  0    Dex: 13    Spells: 2/2 levels left

rFire   . . .      SeeInvis .   d - +0 long sword
rCold   . . .      Faith    .   (no shield)
rNeg    . . .      Spirit   .   (body armour currently unavailable)
rPois   +          Reflect  .   (helmet currently unavailable)
rElec   .          Harm     .   (cloak currently unavailable)
rCorr   .          Rampage  .   (gloves currently unavailable)
Will    .....      NoTele   +   (boots currently unavailable)
Stlth   +.........              (no amulet)
HPRegen 0.14/turn               (no ring)
MPRegen 0.09/turn               (no ring)

@: tree-form, constricted
A: stationary, stasis, torment immunity, boosted hp, ignite blood 1
a: Renounce Religion, Depart the Abyss, Bend Space


You were on level 1 of the Dungeon.
You worshipped Lugonu.
Lugonu was pleased with you.
You were a tree.
You visited 1 branch of the dungeon, and saw 1 of its levels.
You visited the Abyss 1 time.

You collected 61 gold pieces.

Inventory:

Hand Weapons
 d - a +0 long sword (weapon)
Armour
 b - a +0 leather armour (melded)
Magical Staves
 h - a staff of poison
Jewellery
 i - a ring of positive energy
Scrolls
 a - a scroll of immolation {unknown}
 c - a scroll of enchant weapon {unknown}
 f - a scroll of torment {unknown}
 j - a scroll of identify {unknown}
Potions
 e - a potion of magic


   Skills:
 - Level 3.0 Fighting
 + Level 2.6 Long Blades
 - Level 1.7 Armour
 - Level 0.8 Dodging
 + Level 3.6 Invocations


You had 2 spell levels left.
You didn't know any spells.
Your spell library contained the following spells:

 Spells                   Type           Power      Damage    Failure   Level
 Slow                     Hex            0%         N/A       34%         1
 Confusing Touch          Hex            0%         N/A       71%         3
 Vampiric Draining        Necr           0%         2d6       71%         3


Dungeon Overview and Level Annotations

Branches:
Dungeon (1/15)

Altars:


Innate Abilities, Weirdness & Mutations

You are a tree.
Your roots penetrate the ground, keeping you stationary.
You cannot be teleported.
You are immune to unholy pain and torment.
Your maximum health is greatly increased.
Your equipment is partially melded.
Your demonic aura sometimes causes spilled blood to erupt in flames.


Message History

The ball python constricts you.
The ball python bites you but does no damage.
The ball python constricts you.
You barely miss the ball python. The ball python barely misses you.
The ball python constricts you.
You barely miss the ball python. The ball python bites you.
* * * LOW HITPOINT WARNING * * *
The ball python constricts you.
* * * LOW HITPOINT WARNING * * *
The ball python bites you.
* * * LOW HITPOINT WARNING * * *
The ball python constricts you.
You hit the ball python.
The ball python is severely wounded.
The ball python bites you.
* * * LOW HITPOINT WARNING * * *
The ball python constricts you.
* * * LOW HITPOINT WARNING * * *
The ball python bites you but does no damage.
The ball python constricts you.
You completely miss the ball python.
The ball python is severely wounded.
The ball python bites you.
* * * LOW HITPOINT WARNING * * *
The ball python constricts you.
You closely miss the ball python.
The ball python is severely wounded.
The ball python barely misses you. The ball python constricts you.
* * * LOW HITPOINT WARNING * * *
It was a potion of lignification.
You turn into a tree.
Your +0 leather armour melds into your body.
Your roots penetrate the ground.
The ball python bites you but does no damage.
The ball python constricts you.
The ball python bites you but does no damage.
The ball python constricts you.
You closely miss the ball python.
The ball python is severely wounded.
The ball python bites you.
You die...

#.. #.# # ...........#
#.# # ....##.....## #.#
# ....##......# ##.# #
..........#.#######..###
..#....#................
..................##.###
......S)........#†##.#
.......♣........#.##.#
................#.##.# #
#?.!...........>...... .
###..................# #
#............##.#...
#............##.(...
#............# ####
#............# .
#............# ..


You could see a ball python.

Vanquished Creatures
  3 dart slugs (D:1)
  An endoplasm (D:1)
  A giant cockroach (D:1)
  3 hobgoblins (D:1)
  2 jackals (D:1)
  2 kobolds (D:1)
  A quokka (D:1)
  A ball python (D:1)
  6 bats (D:1)
  A rat (D:1)
21 creatures vanquished.

Notes
Turn   | Place    | Note
-------+----------+-------------------------------------------
     0 | Abyss:1  | Matador8 the Demonspawn Abyssal Knight began the quest for
                  | the Orb.
     0 | Abyss:1  | Reached XP level 1. HP: 18/18 MP: 2/2
     8 | Abyss:1  | Found a corrupted altar of Lugonu.
    14 | D:1      | Escaped the Abyss
   381 | D:1      | Gained mutation: Your demonic aura sometimes causes spilled
                  | blood to erupt in flames. [demonic ancestry]
   381 | D:1      | Reached XP level 2. HP: 16/24 MP: 2/4
   419 | D:1      | HP: 1/24 [dart slug/slug dart (3)]
  1008 | D:1      | Reached XP level 3. HP: 29/29 MP: 5/5
  1022 | D:1      | HP: 1/29 [ball python (2)]
  1025 | D:1      | Slain by a ball python

Illustrated notes

Levels and vault maps discovered:
D:1:      heliophobic_arrival_glass_houses, layout_basic, interstate_on_off,
          skrybe_limestone_x, chequers_serial_rivers_micro_d, minmay_octomino_e4

Skill      XL: |  1 |
---------------+----+-----
Long Blades    | 2 |  2.6
Invocations    | 3 |  3.6
Fighting       | |  3.0
Armour         | |  1.7
Dodging        | |  0.8

Action                   || total
-------------------------++-------
Melee: Long sword        ||    73
       Falchion          ||     3
  Use: Potion            ||     4
Armor: Leather armour    ||    32
       Skin              ||     2
Dodge: Dodged            ||    63
